 Dungeon Crawl Stone Soup version 0.27.1-1-g398f81649c (webtiles) character file.

Game seed: 14855773991948629829

842 ZARRMARR the Sneak (level 8, -7/45 HPs)
             Began as an Octopode Conjurer on Sept 11, 2021.
             Was a Follower of Sif Muna.
             Mangled by a wyvern zombie (10 damage)
             ... on level 5 of the Dungeon.
             The game lasted 00:25:55 (8154 turns).

ZARRMARR the Sneak (Octopode Conjurer)              Turns: 8154, Time: 00:25:55

Health: -7/45      AC:  3    Str:  7    XL:     8   Next: 0%
Magic:  8/14       EV: 13    Int: 22    God:    Sif Muna [*.....]
Gold:   219        SH:  0    Dex: 10    Spells: 14/15 levels left

rFire    . . .     SeeInvis .   c - +2 dagger (venom)
rCold    . . .     Faith    .   (no shield)
rNeg     . . .     Spirit   .   (helmet restricted)
rPois    .         Reflect  .   (no amulet)
rElec    .         Harm     .   i - ring of willpower
rCorr    .         Rampage  .   (no ring)
Will     +....                  (no ring)
Stlth    ++++......             (no ring)
HPRegen  0.15/turn              (no ring)
MPRegen  0.14/turn              (no ring)
                                (no ring)
                                (no ring)

@: no status effects
A: almost no armour, amphibious, 8 rings, camouflage 1, gelatinous body 1,
(nimble swimmer 1), tentacles, iridescent scales 1, frail 1
a: Renounce Religion, Channel Magic


You were on level 5 of the Dungeon.
You worshipped Sif Muna.
Sif Muna was aware of your devotion.
You visited 2 branches of the dungeon, and saw 6 of its levels.

You collected 219 gold pieces.

Inventory:

Hand Weapons
 c - a +2 dagger of venom (weapon)
Missiles
 j - 7 curare-tipped darts
Jewellery
 i - a ring of willpower (left tentacle)
Wands
 b - a wand of iceblast (5)
Scrolls
 a - a scroll of amnesia
 e - a scroll of magic mapping
 f - a scroll of fear
Potions
 d - a potion of ambrosia {unknown}
 g - a potion of haste {unknown}
 h - a potion of curing {unknown}
 k - a potion of resistance {unknown}


   Skills:
 + Level 2.6 Fighting
 + Level 3.4 Dodging
 + Level 4.9 Stealth
 * Level 4.0 Spellcasting
 - Level 4.0 Conjurations
 * Level 3.3 Transmutations
 * Level 3.3 Earth Magic
 + Level 1.1 Invocations
 + Level 2.0 Evocations


You had 14 spell levels left.
You knew the following spells:

 Your Spells              Type           Power      Damage    Failure   Level
a - Magic Dart            Conj           88%        1d7       2%          1

Your spell library contained the following spells:

 Spells                   Type           Power      Damage    Failure   Level
 Searing Ray              Conj           44%        3d4       3%          2
 Dazzling Flash           Conj/Hex       26%        N/A       14%         3
 Gell's Gravitas          Tloc           2%         N/A       32%         3
 Teleport Other           Tloc           4%         N/A       32%         3
 Fulminant Prism          Conj/Hex       6%         3d7       43%         4
 Iskenderun's Mystic Bla  Conj/Tloc      13%        2d5       43%         4
 Leda's Liquefaction      Hex/Erth       5%         N/A       50%         4
 Bolt of Magma            Conj/Fire/Erth 7%         4d6       75%         5
 Statue Form              Tmut/Erth      12%        N/A       99%         6
 Dispersal                Tloc           2%         N/A       100%        6


Dungeon Overview and Level Annotations

Branches:
Dungeon (5/15)             Temple (1/1) D:4

Altars:
Cheibriados
Dithmenos
Gozag
Hepliaklqana
Kikubaaqudgha
Makhleb
Okawaru
Sif Muna
Trog
Uskayaw
Yredelemnul
Zin
The Shining One

Annotations:
D:3 exclusions: ogre and quokka
D:4 2 runed translucent doors
D:5 exclusion: bullfrog, Prince Ribbit


Innate Abilities, Weirdness & Mutations

You cannot wear most types of armour.
You are amphibious.
You can wear up to eight rings at the same time.
Your skin changes colour to match your surroundings (Stealth+).
Your rubbery body absorbs attacks. (AC +1, EV +1)
((You are camouflaged near water. (Stealth+)))
You have tentacles for arms and can constrict up to eight enemies at once.
You are partially covered in iridescent scales. (AC +2)
You are frail. (-10% HP)


Message History

Confirm with . or Enter, or press ? or * to list all spells.
Aiming: Magic Dart (safe; 2% risk of failure)
Press: ? - help, Shift-Dir - straight line, f/p - wyvern zombie
Aim: a wyvern zombie (moderately damaged, 100% to hit)
The magic dart hits the wyvern zombie.
The wyvern zombie is heavily damaged.
The wyvern zombie barely misses you.
Unknown command.
Casting: Magic Dart (safe; 2% risk of failure)
Confirm with . or Enter, or press ? or * to list all spells.
Aiming: Magic Dart (safe; 2% risk of failure)
Press: ? - help, Shift-Dir - straight line, f/p - wyvern zombie
Aim: a wyvern zombie (heavily damaged, 100% to hit)
The magic dart hits the wyvern zombie.
The wyvern zombie is heavily damaged.
The wyvern zombie barely misses you. The wyvern zombie bites you!
Unknown command.
Casting: Magic Dart (safe; 2% risk of failure)
Confirm with . or Enter, or press ? or * to list all spells.
Aiming: Magic Dart (safe; 2% risk of failure)
Press: ? - help, Shift-Dir - straight line, f/p - wyvern zombie
Aim: a wyvern zombie (heavily damaged, 100% to hit)
The magic dart hits the wyvern zombie.
The wyvern zombie is heavily damaged.
The wyvern zombie bites you!
Unknown command.
Casting: Magic Dart (safe; 2% risk of failure)
Confirm with . or Enter, or press ? or * to list all spells.
Aiming: Magic Dart (safe; 2% risk of failure)
Press: ? - help, Shift-Dir - straight line, f/p - wyvern zombie
Aim: a wyvern zombie (heavily damaged, 100% to hit)
The magic dart hits the wyvern zombie.
The wyvern zombie is heavily damaged.
The wyvern zombie bites you!
* * * LOW HITPOINT WARNING * * *
Unknown command.
You hit the wyvern zombie but do no damage.
The wyvern zombie is heavily damaged.
The wyvern zombie closely misses you. The wyvern zombie bites you!
You die...

...
.............(..###.....#...
....
..##........................
...F
......###...................
F.##. #####............... #
#...............
#....)......<...
#...............
####.#.............
#.@..####.......... #..Z####
##.....##.. #..# ##########
#.. ... .... .... #...


You could see a wyvern zombie.

Vanquished Creatures
  A sky beast (D:5)
  2 necrophages
  A phantom (D:5)
  A bullfrog (D:4)
  A water moccasin skeleton (D:4)
  2 hounds
  A jelly (D:5)
  An orc priest (D:4)
  An iguana (D:5)
  2 orc wizards
  A hound skeleton (D:4)
  5 adders
  5 gnolls
  2 ufetubi (D:4)
  An adder zombie (D:5)
  An adder skeleton (D:4)
  3 dart slugs
  4 orcs
  7 ball pythons
  6 bats
  6 endoplasms
  A giant cockroach (D:1)
  4 goblins
  7 hobgoblins
  2 jackals
  5 quokkas
  3 frilled lizards (D:1)
  14 kobolds
  3 rats
93 creatures vanquished.

Vanquished Creatures (others)
  2 plants (D:2)
2 creatures vanquished.

Grand Total: 95 creatures vanquished

Notes
Turn   | Place    | Note
-------+----------+-------------------------------------------
     0 | D:1      | ZARRMARR the Octopode Conjurer began the quest for the Orb.
     0 | D:1      | Reached XP level 1. HP: 11/11 MP: 3/3
   185 | D:1      | Reached XP level 2. HP: 18/18 MP: 0/5
   609 | D:1      | Reached skill level 1 in Fighting
   984 | D:2      | Reached XP level 3. HP: 23/23 MP: 0/6
  2208 | D:2      | Gained mutation: You are partially covered in iridescent
                  | scales. (AC +2) [potion of mutation]
  2208 | D:2      | Gained mutation: You are frail. (-10% HP) [potion of
                  | mutation]
  2209 | D:2      | HP: 1/20 [jackal (2)]
  2449 | D:2      | HP: 1/20 [gnoll (7)]
  3115 | D:2      | Reached XP level 4. HP: 25/25 MP: 0/7
  3371 | D:2      | Reached skill level 1 in Transmutations
  3371 | D:2      | Reached skill level 1 in Earth Magic
  4132 | D:3      | Noticed an ogre
  4525 | D:3      | Reached XP level 5. HP: 10/29 MP: 4/9
  5477 | D:4      | Reached XP level 6. HP: 27/35 MP: 8/10
  5554 | D:4      | Found a basalt altar of Yredelemnul.
  5719 | D:4      | Reached skill level 1 in Evocations
  5783 | D:4      | Found a staircase to the Ecumenical Temple.
  5793 | Temple   | Entered the Ecumenical Temple
  6011 | Temple   | Became a worshipper of Sif Muna the Loreminder
  6067 | D:4      | Noticed a necrophage
  6185 | D:3      | Killed a necrophage
  7059 | D:4      | Reached XP level 7. HP: 24/40 MP: 12/12
  7197 | D:4      | Found a large runed translucent door.
  7197 | D:4      | Found a large runed translucent door.
  7511 | D:5      | Entered Level 5 of the Dungeon
  7638 | D:5      | Noticed Prince Ribbit
  7763 | D:5      | Found a hazy altar of Hepliaklqana.
  7852 | D:5      | Reached skill level 1 in Invocations
  8091 | D:5      | Reached * piety under Sif Muna
  8092 | D:5      | Reached XP level 8. HP: 45/45 MP: 9/14
  8153 | D:5      | HP: 2/45 [wyvern zombie (12)]
  8154 | D:5      | Mangled by a wyvern zombie

Illustrated notes

Levels and vault maps discovered:
D:1:      dpeg_arrival_yet_another_circle, layout_basic
D:2:      minmay_general_purpose_star, layout_basic, minmay_door_square,
          serial_bayou_crossing
D:3:      layout_basic
D:4:      layout_rooms, mainiacjoe_overflow_cross_hatched,
          jmf_multi_god_temple2, minmay_temple_entry_grid,
          minmay_misc_feat_alley, kennysheep_potato
D:5:      layout_rooms, mainiacjoe_overflow_tiny_flanked, uniq_prince_ribbit1,
          uniq_grinder
Temple:   minmay_temple_curvy_loop

Skill      XL: |  1  2  3  4  5  6  7 |
---------------+----------------------+-----
Stealth        | 3 4 |  4.9
Fighting       | 1 2 |  2.6
Transmutations | 1 2 3 |  3.3
Earth Magic    | 1 2 3 |  3.3
Spellcasting   | 3 4 |  4.0
Evocations     | 1 2 |  2.0
Dodging        | 3 |  3.4
Invocations    | 1 |  1.1
Conjurations   | |  4.0

Action                   |  1- 3 |  4- 6 |  7- 9 || total
-------------------------+-------+-------+-------++-------
Melee: Unarmed           |    16 |       |       ||    16
       Constrict         |     4 |    17 |     3 ||    24
       Tentacles         |     2 |     7 |     5 ||    14
       Dagger            |    10 |    93 |    54 ||   157
 Cast: Magic Dart        |    81 |    60 |    40 ||   181
  Use: Potion            |     3 |       |     1 ||     4
       Scroll            |     1 |     6 |       ||     7
 Stab: Sleeping          |       |     2 |     1 ||     3
       Distracted        |       |     1 |       ||     1
Armor: Skin              |    10 |    12 |    11 ||    33
Dodge: Dodged            |    53 |    46 |    31 ||   130
